 Dungeon Crawl Stone Soup version 0.32-a0-893-gf85d74f360 (webtiles) character file.

Game seed: 6035880545335010850

53 Pollywompus the Trooper (level 3, 0/43 HPs)
             Began as a Coglin Berserker on Apr 3, 2024.
             Was a Follower of Trog.
             Slain by a gnoll
             ... wielding a +0 antimagic spear
              (10 damage)
             ... on level 2 of the Dungeon.
             The game lasted 00:01:13 (1126 turns).

Pollywompus the Trooper (Coglin Berserker)          Turns: 1126, Time: 00:01:13

Health: 0/43       AC:  2    Str: 19    XL:     3   Next: 87%
Magic:  3/3        EV: 11    Int:  6    God:    Trog [*.....]
Gold:   71         SH:  0    Dex: 13    Spells: 2/2 levels left

rFire   . . .        a - +0 hand axe {Gnaeus}
rCold   . . .        e - +3 dagger {Sanele}
rNeg    . . .        b - +0 animal skin
rPois   .            (no helmet)
rElec   .            (no cloak)
rCorr   .            (no gloves)
SInv    .            (no boots)
Will    .....        (amulet unavailable) Stlth
                     (ring unavailable)
HPRegen 0.27/turn    (ring unavailable)
MPRegen 0.08/turn    (no gizmo)

%: no passive effects
@: berserking, revving, very quick
A: off-hand wielding, slow wielding, warmup strikes, no jewellery
a: Invent Gizmo, Renounce Religion, Berserk


You were on level 2 of the Dungeon.
You worshipped Trog.
Trog was aware of your devotion.
You visited 1 branch of the dungeon, and saw 2 of its levels.

You collected 71 gold pieces.

Inventory:

Hand Weapons
 a - a +0 hand axe (weapon) {Gnaeus}
 e - a +3 dagger (offhand) {Sanele}
Armour
 b - a +0 animal skin (worn)
Scrolls
 d - a scroll of enchant armour {unknown}
 f - a scroll of blinking {unknown}
 g - a scroll of silence {unknown}
 h - a scroll of enchant weapon {unknown}
 i - a scroll of immolation {unknown}
 k - a scroll of brand weapon {unknown}
Potions
 c - a potion of invisibility {unknown}
 j - a potion of curing {unknown}


   Skills:
 + Level 3.4 Fighting
 + Level 3.4 Axes
 + Level 2.3 Armour
 + Level 2.4 Dodging


You had 2 spell levels left.
You didn't know any spells.
Your spell library was empty.

Dungeon Overview and Level Annotations

Branches:
Dungeon (2/15)

Altars:


Innate Abilities, Weirdness & Mutations

You can wield a second weapon in your off-hand.
It takes a long time for you to wield or remove held weapons.
Your first few attacks do less damage.
You cannot equip rings or amulets.


Message History

You hit the gnoll with your +0 hand axe.
The gnoll is moderately wounded.
You hit the gnoll with your +3 dagger. The gnoll closely misses you.
The gnoll hits you from afar with a +0 spear.
The gnoll hits you with a +0 whip!
You are too injured to fight recklessly!
You are too injured to fight recklessly!
You are too injured to fight recklessly!
You are too injured to fight recklessly!
You are too injured to fight recklessly!
You are too injured to fight recklessly!
You are too injured to fight recklessly!
You are too injured to fight recklessly!
You are too injured to fight recklessly!
You are too injured to fight recklessly!
You are too injured to fight recklessly!
You are too injured to fight recklessly!
You are too injured to fight recklessly!
You are too injured to fight recklessly!
You are too injured to fight recklessly!
You are too injured to fight recklessly!
Unknown command.
A red film seems to cover your vision as you go berserk!
You feel yourself moving faster!
You feel mighty!
The gnoll hits you from afar with a +0 antimagic spear.
The gnoll closely misses you. x2
You hit the gnoll with your +3 dagger.
The gnoll is almost dead.
You hit the gnoll with your +0 hand axe.
You kill the gnoll!
Trog accepts your kill.
The gnoll hits you from afar with a +0 antimagic spear.
The gnoll hits you from afar with a +0 spear.
* * * LOW HITPOINT WARNING * * *
You see here a +0 whip.
You closely miss the gnoll with your +3 dagger.
You hit the gnoll with your +0 hand axe.
You barely miss the gnoll with your +0 hand axe.
The gnoll hits you with a +0 antimagic spear!
You die...

####### ......# .####.#
.# #.# #### ## .#
##.####### ... .. .#
#........# ##.# .##
.###..#####.####..#...#.
.......# #...##.........
.......# #......@g......
.###.#.# #...##..g......
.# #.#.# #######..#...#.
.# #.#.# #........ .#
#.#.# #.####### .# #.#.#
#+# .###.#.# .......#
####.#.##


You could see 2 gnolls.

Vanquished Creatures
  A gnoll (D:2)
  An adder (D:2)
  A ribbon worm (D:2)
  2 dart slugs (D:1)
  2 bats (D:1)
  2 endoplasms (D:1)
  5 goblins
  A hobgoblin (D:1)
  A quokka (D:1)
  3 ball pythons (D:1)
  3 frilled lizards
  3 kobolds
  3 rats (D:1)
28 creatures vanquished.

Notes
Turn   | Place    | Note
-------+----------+-------------------------------------------
     0 | D:1      | Pollywompus the Coglin Berserker began the quest for the
                  | Orb.
     0 | D:1      | Reached XP level 1. HP: 18/18 MP: 1/1
   113 | D:1      | Reached XP level 2. HP: 14/24 MP: 2/2
   474 | D:1      | Found a faded altar of an unknown god.
   516 | D:1      | Reached XP level 3. HP: 25/29 MP: 3/3
  1126 | D:2      | Slain by a gnoll

Illustrated notes

Levels and vault maps discovered:
D:1:      wander_arrival_abandoned_jail, layout_basic,
          hellmonk_ecumenical_altar_leap_of_faith
D:2:      layout_loops_corners

Skill      XL: |  1  2 |
---------------+-------+-----
Dodging        | 2 |  2.4
Armour         | 2 |  2.3
Fighting       | |  3.4
Axes           | |  3.4

Action                     || total
---------------------------++-------
  Melee: Hand axe          ||    55
         Dagger            ||    57
 Invoke: Berserk           ||     1
 Armour: Animal skin       ||    50
  Dodge: Dodged            ||    35

Table legend: (Time is in decaauts)
 A = Elapsed time spent in this place.
 B = Non-inter-level travel time spent in this place.
 C = Inter-level travel time spent in this place.
 D = Time resting spent in this place.
 E = Time spent auto-exploring this place.
 F = Levels seen in this place.
 G = Mean time per level.
                   A        B        C        D        E       F      G
               +--------+--------+--------+--------+--------+-----+--------+
         Total |   1129 |   1106 |     23 |      0 |    927 |   2 |  564.5 |
       Dungeon |   1129 |   1106 |     23 |      0 |    927 |   2 |  564.5 |
               +--------+--------+--------+--------+--------+-----+--------+

Top non-repeatable levels by time:
     D:1: 901 daAuts
     D:2: 228 daAuts
